 Dungeon Crawl Stone Soup version 0.27.0-1-g7a089689b8 (webtiles) character file.

Game seed: 12343517029750438084

19413 Malachi the Cleaver (level 12, -4/98 HPs)
             Began as a Palentonga Fighter on Aug 13, 2021.
             Was an Initiate of Gozag.
             Succumbed to Rupert's poison
             ... on level 2 of the Orcish Mines.
             The game lasted 00:20:34 (15200 turns).

Malachi the Cleaver (Palentonga Fighter)           Turns: 15200, Time: 00:20:34

Health: -4/98      AC: 19    Str: 25    XL:     12   Next: 36%
Magic:  12/12      EV:  8    Int: 13    God:    Gozag
Gold:   2696       SH: 17    Dex: 11    Spells: 11/11 levels left

rFire    . . .     SeeInvis +   j - +9 broad axe "Beastbane" {venom, Int+4}
rCold    + . .     Faith    .   c - +1 kite shield
rNeg     . . .     Spirit   .   C - +0 plate armour
rPois    .         Reflect  +   p - +0 helmet
rElec    .         Harm     .   t - +0 cloak
rCorr    +         Rampage  .   (no gloves)
Will     +....                  d - +0 barding "Nifaut" {rC+}
Stlth    ..........             r - amulet of reflection
HPRegen  0.26/turn              D - +4 ring of evasion
MPRegen  0.13/turn              A - ring of resist corrosion

@: mighty, lethally poisoned (-4 -> -35), gold aura
A: large, rugged brown scales 3, see invisible, deformed body, roll 1, armoured
tail, reflexive curl, strong-willed 1, strong 1
a: Rolling Charge, Renounce Religion, Potion Petition, Call Merchant, Bribe
Branch


You were on level 2 of the Orcish Mines.
You worshipped Gozag.
Gozag was most pleased with you.
You visited 4 branches of the dungeon, and saw 16 of its levels.

You collected 2696 gold pieces.

Inventory:

Hand Weapons
 a - a +1 war axe
 g - the +1 trident "Ogrebane" {venom, Str+3}
   (You took it off an orc on level 5 of the Dungeon)

   It poisons the flesh of those it strikes.
   Str:       It affects your strength (+3).
 j - the +9 broad axe "Beastbane" (weapon) {venom, Int+4}
   (You acquired it on level 1 of the Lair of Beasts)

   It poisons the flesh of those it strikes.
   Int:       It affects your intelligence (+4).
 o - the +4 war axe of Ziesa {freeze, rElec Dex+3}
   (You found it on level 4 of the Dungeon)

   It freezes those it strikes, dealing additional cold damage.
   It can also slow down cold-blooded creatures.
   Dex:       It affects your dexterity (+3).
   rElec:     It insulates you from electricity.
 s - the +2 battleaxe "Hushop" {vorpal, rC+ Dex+4}
   (You took it off a wight on level 7 of the Dungeon)

   It inflicts extra damage upon your enemies.
   Dex:       It affects your dexterity (+4).
   rC:        It protects you from cold.
Armour
 c - a +1 kite shield (worn)
 d - the +0 barding "Nifaut" (worn) {rC+}
   (You acquired it on level 3 of the Dungeon)

   rC:        It protects you from cold.
 p - a +0 helmet (worn)
 t - a +0 cloak (worn)
 C - a +0 plate armour (worn)
Jewellery
 n - an amulet of magic regeneration
 r - an amulet of reflection (around neck)
 A - a ring of resist corrosion (right hand)
 D - a +4 ring of evasion (left hand)
Wands
 b - a wand of paralysis (7)
 i - a wand of digging (6)
 m - a wand of charming (3)
 v - a wand of flame (9)
 y - a wand of acid (9)
Scrolls
 h - 3 scrolls of enchant weapon
 k - 3 scrolls of identify
 l - 2 scrolls of enchant armour
 E - a scroll of magic mapping
Potions
 u - 2 potions of attraction
 z - a potion of ambrosia {unknown}
 B - 2 potions of berserk rage {unknown}
 G - 2 potions of curing


   Skills:
 + Level 7.8 Fighting
 + Level 13.6 Axes
 + Level 7.7 Armour
 + Level 3.7 Dodging
 + Level 1.7 Stealth
 + Level 7.9 Shields


You had 11 spell levels left.
You didn't know any spells.
Your spell library contained the following spells:

 Spells                   Type           Power      Damage    Failure   Level
 Slow                     Hex            0%         N/A       100%        2
 Confusing Touch          Hex            0%         N/A       100%        3
 Yara's Violent Unravell  Hex/Tmut       0%         3d3       100%        5


Dungeon Overview and Level Annotations

Branches:
Dungeon (10/15)            Temple (1/1) D:5            Lair (3/6) D:8
  Snake (0/4) Lair:2          Orc (2/2) D:10            Elf (0/3) Orc:2
  Swamp: Lair:2-4    Shoals: Lair:2-4

Altars:
Ashenzari
Cheibriados
Dithmenos
Elyvilon
Fedhas
Gozag
Hepliaklqana
Kikubaaqudgha
Makhleb
Nemelex Xobeh
Okawaru
Qazlal
Ru
Sif Muna
Trog
Uskayaw
Vehumet
Wu Jian
Xom
Yredelemnul
Zin
The Shining One
Beogh

Shops:
D:2 *   D:5 :   D:6 *

Annotations:
Orc:2 Rupert, Saint Roka


Innate Abilities, Weirdness & Mutations

You are completely covered in rugged brown scales. (AC +3, +7% HP)
You have supernaturally acute eyesight. (SInv)
Armour fits poorly on your strangely shaped body.
You can roll at nearby foes to attack.
You have a long armoured tail.
You curl defensively after being hit.
You are strong-willed. (Will+)
Your muscles are strong. (Str +2)


Message History

Things that are here:
5 gold pieces; a +0 dagger You see here a +0 giant club.
Items here: )) [[.
The orc barely misses you.
You see here a +0 giant club.
You slash the orc!
You kill the orc!
You feel very mighty all of a sudden.
You barely miss Rupert.
Rupert hits you with a +2 great mace of venom!!
You are poisoned.
You hit Rupert.
Rupert is lightly wounded.
You feel extremely sick.
Rupert hits you with a +2 great mace of venom!
You are more poisoned.
You slice Rupert!!
Rupert is poisoned.
You tail-slap Rupert!
Rupert is moderately wounded.
You feel extremely sick.
Rupert looks excited.
Rupert hits you with a +2 great mace of venom!
You are more poisoned.
You slash Rupert!
Rupert looks as sick as possible!
Rupert is moderately wounded.
* * * LOW HITPOINT WARNING * * *
You feel extremely sick. Rupert roars wildly at you.
You resist with some effort.
* * * LOW HITPOINT WARNING * * *
You feel extremely sick.
Okay, then.
As you read the scroll of summoning, it crumbles to dust.
Wisps of shadow whirl around you...
* * * LOW HITPOINT WARNING * * *
You feel extremely sick. You block Rupert's attack.
You swap places.
You die...
Your body crumbles into a pile of gold.

$ ... ## .. . #.#
. ..#.# #.# . ...#
##h# .. ....# ##@#
..######...# ##O##
..........# ##@##
...$...######o#.#
..........##)###.#
.........).oo.#
#.#
..........##.##
#.# .........#####
#.# #.##.#..## #.#


You could see Rupert (extremely poisoned, ally target), a friendly warg
(summoned), a friendly orc warrior (summoned), a friendly ogre (summoned) and 2
friendly orc wizards.

Vanquished Creatures
  Gastronok (D:8)
  The ghost of brob1 the Blocker, a journeyman DDFi of Makhleb (Lair:1)
  2 two-headed ogres
  Erica (D:9)
  An orc high priest (Orc:2)
  Pikel (D:5)
  An orc sorcerer (Orc:2)
  A black mamba (Lair:1)
  8 cane toads
  6 komodo dragons
  2 kobold demonologists
  A troll (Orc:2)
  A polar bear (Lair:2)
  Grinder (D:3)
  2 wyverns
  Eustachio (D:4)
  10 yaks (Lair:1)
  Grum (D:10)
  2 steam dragons
  An acid dragon (D:10)
  4 nagas (Lair:2)
  3 water moccasins
  17 orc warriors
  An ice beast (D:5)
  A sky beast (D:8)
  A necrophage (D:5)
  6 wolves
  4 centaurs
  3 lemures (D:5)
  4 ogres
  A phantom (D:5)
  A kobold brigand (D:9)
  2 bullfrogs
  A water moccasin zombie (D:6)
  4 scorpions
  A wyvern zombie (D:8)
  11 killer bees
  3 wights (D:7)
  2 howler monkeys
  A centaur zombie (D:9)
  2 hounds (D:5)
  3 jellies
  A gnoll shaman (D:4)
  9 orc priests
  3 bullfrog skeletons
  4 iguanas
  Ijyb (D:3)
  18 orc wizards
  A hound zombie (D:5)
  3 gnolls (D:4)
  5 adders
  A shadow imp (D:5)
  2 white imps
  3 ufetubi
  2 worms
  5 dart slugs
  43 orcs
  9 ball pythons
  7 bats
  4 endoplasms
  4 giant cockroaches
  10 goblins
  6 hobgoblins
  15 kobolds
  2 quokkas
  2 frilled lizards (D:1)
  A quokka skeleton (D:4)
  6 rats
288 creatures vanquished.

Vanquished Creatures (others)
  14 fungi
  42 plants
56 creatures vanquished.

Grand Total: 344 creatures vanquished

Notes
Turn   | Place    | Note
-------+----------+-------------------------------------------
     0 | D:1      | Malachi the Palentonga Fighter began the quest for the Orb.
     0 | D:1      | Reached XP level 1. HP: 19/19 MP: 1/1
    76 | D:1      | Reached XP level 2. HP: 23/25 MP: 2/2
   642 | D:1      | Reached XP level 3. HP: 27/31 MP: 3/3
   734 | D:1      | Found a faded altar of an unknown god.
  1246 | D:1      | Became a worshipper of Gozag Ym Sagoz the Greedy
  1733 | D:2      | Found Sonk's General Store.
  2397 | D:3      | Reached XP level 4. HP: 13/37 MP: 4/4
  2398 | D:3      | Reached skill level 3 in Axes
  2398 | D:3      | HP: 1/37 [orc wizard/puff of flame (13)]
  2669 | D:3      | Identified a scroll of acquirement
  2669 | D:3      | Acquired the +0 barding "Nifaut" {rC+}
  2762 | D:3      | Noticed Ijyb
  2770 | D:3      | Killed Ijyb
  2771 | D:3      | Reached XP level 5. HP: 42/44 MP: 5/5
  3357 | D:3      | Noticed Grinder
  3373 | D:3      | Gained mutation: You are weak. (Str -2) [potion of
                  | mutation]
  3373 | D:3      | Gained mutation: You have large cloven feet. [potion of
                  | mutation]
  3373 | D:3      | Gained mutation: Your tail ends in a poisonous barb.
                  | [potion of mutation]
  3375 | D:3      | Killed Grinder
  3376 | D:3      | Reached skill level 4 in Axes
  3376 | D:3      | Reached skill level 1 in Dodging
  3376 | D:3      | Reached XP level 6. HP: 27/51 MP: 6/6
  3390 | D:3      | Lost mutation: Your tail ends in a poisonous barb. [potion
                  | of mutation]
  3390 | D:3      | Lost mutation: You are weak. (Str -2) [potion of mutation]
  3390 | D:3      | Gained mutation: Your body sometimes deteriorates upon
                  | taking damage. [potion of mutation]
  3390 | D:3      | Gained mutation: Your natural rate of healing is unusually
                  | fast. [potion of mutation]
  3931 | D:4      | Noticed Eustachio
  3983 | D:4      | Killed Eustachio
  3984 | D:4      | Reached skill level 5 in Axes
  3984 | D:4      | Gained mutation: You curl defensively after being hit.
                  | [Palentonga growth]
  3984 | D:4      | Reached XP level 7. HP: 55/57 MP: 7/7
  4209 | D:4      | Identified the +4 war axe of Ziesa {freeze, rElec Dex+3}
  4598 | D:4      | Reached skill level 6 in Axes
  4800 | D:4      | Lost mutation: Your body sometimes deteriorates upon taking
                  | damage. [potion of mutation]
  4800 | D:4      | Lost mutation: You have large cloven feet. [potion of
                  | mutation]
  4800 | D:4      | Lost mutation: Your natural rate of healing is unusually
                  | fast. [potion of mutation]
  4800 | D:4      | Gained mutation: Your muscles are strong. (Str +2) [potion
                  | of mutation]
  4800 | D:4      | Gained mutation: You are strong-willed. (Will+) [potion of
                  | mutation]
  4817 | D:5      | Entered Level 5 of the Dungeon
  4912 | D:5      | Identified the +1 trident "Ogrebane" {venom, Str+3}
  4916 | D:5      | Reached XP level 8. HP: 65/65 MP: 8/8
  5034 | D:5      | Found Memixixo's Book Shoppe.
  5091 | D:5      | Found a staircase to the Ecumenical Temple.
  5133 | D:5      | Reached skill level 7 in Axes
  5399 | D:5      | Reached skill level 8 in Axes
  5552 | D:5      | Noticed Pikel
  5562 | D:5      | Killed Pikel
  5563 | D:5      | Reached skill level 5 in Fighting
  5563 | D:5      | Reached skill level 9 in Axes
  5563 | D:5      | Reached XP level 9. HP: 67/72 MP: 9/9
  5685 | D:5      | Found a burning altar of Makhleb.
  5992 | Temple   | Entered the Ecumenical Temple
  6490 | D:6      | Found Puero's General Store.
  6605 | D:6      | Found a bloodstained altar of Trog.
  6623 | D:6      | Found a shadowy altar of Dithmenos.
  6629 | D:6      | Found a broken altar of Ashenzari.
  6629 | D:6      | Found a radiant altar of Vehumet.
  6629 | D:6      | Found a sparkling altar of Nemelex Xobeh.
  6630 | D:6      | Found an ancient bone altar of Kikubaaqudgha.
  6630 | D:6      | Found a snail-covered altar of Cheibriados.
  6631 | D:6      | Found a hide-covered altar of Uskayaw.
  6632 | D:6      | Found a stormy altar of Qazlal.
  6633 | D:6      | Found an ornate altar of the Wu Jian Council.
  6634 | D:6      | Found a glowing silver altar of Zin.
  7224 | D:7      | Identified the +2 battleaxe "Hushop" {vorpal, rC+ Dex+4}
  7235 | D:7      | Reached skill level 10 in Axes
  7660 | D:8      | Found a white marble altar of Elyvilon.
  7720 | D:8      | Found a staircase to the Lair.
  7922 | D:8      | Noticed Gastronok
  7937 | D:8      | Killed Gastronok
  7938 | D:8      | Reached skill level 5 in Armour
  7938 | D:8      | Reached skill level 5 in Shields
  7938 | D:8      | Reached XP level 10. HP: 18/81 MP: 10/10
  8687 | D:8      | Reached skill level 11 in Axes
  8977 | Lair:1   | Entered Level 1 of the Lair of Beasts
  8978 | Lair:1   | Noticed a black mamba
  8980 | Lair:1   | Killed a black mamba
  9301 | Lair:1   | Noticed brob1's ghost (journeyman DDFi)
  9324 | Lair:1   | Found a runed translucent gate.
  9324 | Lair:1   | Found a runed translucent gate.
  9324 | Lair:1   | Found a runed translucent gate.
  9338 | Lair:1   | Acquired the +9 broad axe "Beastbane" {venom, Int+4}
  9428 | Lair:1   | Noticed a cane toad
  9430 | Lair:1   | Killed a cane toad
  9467 | Lair:1   | Reached XP level 11. HP: 57/88 MP: 11/11
  9626 | Lair:1   | Reached skill level 1 in Stealth
 10191 | Lair:1   | Killed brob1's ghost
 10192 | Lair:1   | Reached skill level 12 in Axes
 10746 | Lair:2   | Found a staircase to the Snake Pit.
 11894 | Lair:3   | Noticed a five-headed hydra
 12265 | D:9      | Noticed Erica
 12268 | D:9      | Killed Erica
 12936 | D:10     | Entered Level 10 of the Dungeon
 13000 | D:10     | Noticed a two-headed ogre
 13003 | D:10     | Killed a two-headed ogre
 13037 | D:10     | Noticed Grum
 13049 | D:10     | Reached skill level 13 in Axes
 13064 | D:10     | Killed Grum
 13567 | D:10     | Reached XP level 12. HP: 97/97 MP: 12/12
 13585 | D:10     | Found a staircase to the Orcish Mines.
 14008 | D:9      | Noticed a two-headed ogre
 14020 | D:9      | Killed a two-headed ogre
 14313 | Orc:1    | Entered Level 1 of the Orcish Mines
 14375 | Orc:2    | Entered Level 2 of the Orcish Mines
 14375 | Orc:2    | Found a staircase to the Elven Halls.
 14654 | Orc:2    | Noticed an orc warlord
 14839 | Orc:2    | Noticed an orc high priest
 14843 | Orc:2    | Killed an orc high priest
 14844 | Orc:2    | Noticed Saint Roka
 15178 | Orc:2    | Noticed Rupert
 15199 | Orc:2    | HP: 3/98 [poisoned by Rupert]
 15200 | Orc:2    | Succumbed to Rupert's poison

Illustrated notes

Levels and vault maps discovered:
D:1:      dpeg_arrival_chambers_temple_mockup, layout_loops_ring,
          hellmonk_ecumenical_altar_defaced_shrine,
          chequers_serial_rivers_micro_d, st_stairs_10, nrook_mini_backslash
D:2:      layout_loops_cross, serial_shops, shop
D:3:      layout_basic, serial_bayou_pond_d, uniq_grinder, uniq_ijyb
D:4:      layout_basic, hex_intersection, kennysheep_generic_room_12,
          uniq_eustachio
D:5:      layout_loops_ring, makhleb_blood_cavern_becter, temple_doors_e,
          serial_shops, shop, kennysheep_generic_room_8, uniq_pikel
D:6:      layout_loops_ring, minitemple, serial_shops, shop_fountains
D:7:      layout_layer_cave
D:8:      layout_basic, nicolae_elyvilon_peaceful_grove, dpeg_oklobed_lair,
          ebering_dispersal_statue_hall, uniq_gastronok
D:9:      layout_basic, uniq_erica
D:10:     layout_roguey, orc_0_dummy, uniq_grum
Temple:   compressed_dpeg_triangle_lava_temple
Lair:1:   layout_regular_city, ebering_ghost_rock_garden
Lair:2:   layout_loops_ring, minmay_snake_entry_guardpost_small, serial_forest,
          infiniplex_forest_corner_1, infiniplex_forest_clump_medium,
          infiniplex_forest_zigzag_1, infiniplex_forest_straight_5,
          infiniplex_forest_straight_3, infiniplex_forest_clump_tiny,
          infiniplex_forest_corner_1, lightli_volcano_entry_magma_tube
Lair:3:   layout_gridlike, lemuel_centaur_altar, grunt_megastairs_2
Orc:1:    layout_caves
Orc:2:    grunt_orc_community_town_hall, layout_caves,
          grunt_orc_community_big_house_1, grunt_orc_community_big_house_1,
          grunt_orc_community_house_2, grunt_orc_community_house_2,
          grunt_orc_community_house_2, grunt_orc_community_house_3,
          grunt_orc_community_house_3, grunt_orc_community_house_2,
          uniq_saint_roka, uniq_rupert, uniq_nessos

Skill      XL: |  1  2  3  4  5  6  7  8  9 10 11 |
---------------+----------------------------------+-----
Armour         | 3 4 5 6 7 |  7.7
Axes           | 3 4 5 6 9 10 11 13 | 13.6
Shields        | 3 4 5 6 7 |  7.9
Dodging        | 1 3 |  3.7
Fighting       | 4 5 6 7 |  7.8
Stealth        | 1 |  1.7

Action                   |  1- 3 |  4- 6 |  7- 9 | 10-12 || total
-------------------------+-------+-------+-------+-------++-------
Melee: War axe           |   139 |   107 |   225 |    55 ||   526
       Tailslap          |    12 |    14 |    33 |    63 ||   122
       Kick              |       |    21 |    14 |       ||    35
       Broad axe         |       |       |       |   284 ||   284
 Abil: Rolling Charge    |     2 |       |     9 |    39 ||    50
Evoke: Wand              |       |       |       |     2 ||     2
  Use: Potion            |     1 |     4 |     4 |     4 ||    13
       Scroll            |       |     3 |     4 |     9 ||    16
 Stab: Distracted        |       |     1 |       |     1 ||     2
       Invisible         |       |       |       |     3 ||     3
Armor: Scale mail        |    85 |     3 |       |       ||    88
       Chain mail        |       |   111 |   102 |    72 ||   285
       Skin              |       |     4 |       |       ||     4
       Plate armour      |       |       |       |     9 ||     9
Dodge: Dodged            |    49 |    13 |    14 |    44 ||   120
Block: Kite shield       |    63 |    86 |   132 |   245 ||   526
       Reflection        |       |       |       |    11 ||    11
